 Seeded DCSS version 0.29.1-12-g30fa7ad0bf (webtiles) character file.

Game seed: 3706267189427797430 (custom seed)

207 GigaChad the Covered (level 5, -1/44 (47) HPs)
             Began as a Minotaur Fighter on Dec 19, 2022.
             Slain by a wight
             ... wielding a +0 rapier
              (7 damage)
             ... on level 6 of the Dungeon.
             The game lasted 00:05:49 (2491 turns).

GigaChad the Covered (Minotaur Fighter)             Turns: 2491, Time: 00:05:49

HP:   -1/44 (47)    AC: 13    Str: 22    XL:     5   Next: 54%
MP:   4/4           EV:  8    Int:  5    God:
Gold: 176           SH:  0    Dex: 10    Spells: 4/4 levels left

rFire   . . .      SeeInvis .   a - +0 war axe
rCold   . . .      Faith    .   c - +0 buckler
rNeg    . . .      Spirit   .   v - +0 chain mail
rPois   .          Reflect  .   (helmet restricted)
rElec   .          Harm     .   (no cloak)
rCorr   +          Rampage  .   q - +3 pair of gauntlets of War {Slay+5}
Will    .....                   (no boots)
Stlth   ..........              k - amulet of regeneration
HPRegen 0.94/turn               p - ring of resist corrosion
MPRegen 0.09/turn               (no ring)

@: confused, drained
A: horns 2, retaliatory headbutt
a: no special abilities


You were on level 6 of the Dungeon.
You visited 1 branch of the dungeon, and saw 5 of its levels.

You collected 176 gold pieces.

Inventory:

Hand Weapons
 a - a +0 war axe (weapon)
Armour
 b - a +0 scale mail
 c - a +0 buckler (worn)
 q - the +3 pair of gauntlets of War (worn) {Slay+5}
   (You acquired it on level 2 of the Dungeon)

   Slay:      It affects your accuracy & damage with ranged weapons and melee
   (+5).
 v - a +0 chain mail (worn)
Jewellery
 k - an amulet of regeneration (around neck)
 p - a ring of resist corrosion (left hand)
Wands
 u - a wand of flame (19)
 w - a wand of quicksilver (10)
Scrolls
 e - a scroll of blinking {unknown}
 f - a scroll of magic mapping {unknown}
 g - 2 scrolls of poison {unknown}
 j - a scroll of noise {unknown}
 m - 2 scrolls of teleportation {unknown}
 o - 4 scrolls of identify {unknown}
 s - a scroll of butterflies {unknown}
Potions
 d - a potion of might
 h - a potion of lignification {unknown}
 i - 3 potions of magic {unknown}
 l - 2 potions of heal wounds {unknown}
 n - 4 potions of attraction {unknown}
 r - a potion of ambrosia {unknown}
 t - 3 potions of curing {unknown}


   Skills:
 + Level 4.7 Fighting
 + Level 4.3 Axes
 + Level 4.8 Armour
 * Level 1.7 Dodging
 + Level 4.4 Shields


You had 4 spell levels left.
You didn't know any spells.
Your spell library contained the following spells:

 Spells                   Type           Power      Damage    Failure   Level
 Necrotise                Necr           0%         1d4       99%         1
 Blink                    Tloc           0%         N/A       100%        2
 Scorch                   Fire           0%         2d5       100%        2
 Confusing Touch          Hex            0%         N/A       100%        3
 Lesser Beckoning         Tloc           0%         N/A       100%        3
 Stone Arrow              Conj/Erth      0%         3d7       100%        3
 Vampiric Draining        Necr           0%         2d6       100%        3
 Animate Armour           Summ/Erth      0%         N/A       100%        4
 Flame Wave               Conj/Fire      0%         2d4       100%        4
 Agony                    Necr           0%         N/A       100%        5
 Manifold Assault         Tloc           0%         N/A       100%        5
 Yara's Violent Unravell  Hex/Tmut       0%         3d3       100%        5
 Summon Cactus Giant      Summ           0%         N/A       100%        6
 Enfeeble                 Hex            0%         N/A       100%        7
 Lehudib's Crystal Spear  Conj/Erth      0%         10d2      100%        8


Dungeon Overview and Level Annotations

Branches:
Dungeon (4/15)
 Temple: D:4-7

Altars:
Qazlal

Shops:
D:2 [   D:3 :


Innate Abilities, Weirdness & Mutations

You have a pair of horns on your head.
You reflexively headbutt those who attack you in melee.


Message History

You hit something.
Reactivating autopickup.
You feel a bit more experienced.
You miss something. You hit the wight.
You feel very sick.
You hear some strange, mumbled words.
A magic dart appears from out of thin air!
Deactivating autopickup; reactivate with Ctrl-A.
The magic dart hits you.
A wight comes into view. It is wielding a +5 mace.
The wight hits you but does no damage.
The orc priest calls down the wrath of Beogh upon you.
Beogh smites you!
You feel sick. You block the wight's attack.
The wight hits you with a +0 rapier!
You feel drained.
You closely miss the wight.
The wight is heavily damaged.
You closely miss the wight. You barely miss something.
You feel sick. Something hits you but does no damage.
The wight hits you with a +0 mace.
* * * LOW HITPOINT WARNING * * *
The wight hits you with a +0 rapier.
* * * LOW HITPOINT WARNING * * *
You feel drained.
* * * LOW HITPOINT WARNING * * *
The wight attacks as you move away! You block the wight's attack.
You feel sick.
You hear some strange, mumbled words.
You are confused.
You are too confused!
Unknown command.
The wight attacks as you move away! The wight hits you with a +0 mace.
* * * LOW HITPOINT WARNING * * *
You feel sick.
You feel sick.
You bump into the rock wall.
You feel sick.
You are no longer poisoned.
Something hits you but does no damage. The wight hits you but does no damage.
You're too confused to move!
Something hits you but does no damage. The wight barely misses you.
The wight attacks as you move away! The wight hits you with a +0 rapier!
You die...

.#.... #.... ....# .....
...##..... .. .. #......... #.#
##.. #.)....... ...#
..####z........
?.#...##.##.#.!.......
...........{zo....... .
........##@z........
....###...#...###..#......
..........#........#...... ..
.........##.......##.####....
.................##...# #....##..
......##.....#..####S.###....#...
#.....##).#####.##.....#.........
.......)........###.............
.......)................#.....#


You could see 3 wights and an orc priest.

Vanquished Creatures
  2 jellies
  2 orc wizards (D:6)
  5 adders
  A dart slug (D:1)
  6 orcs
  6 endoplasms
  4 giant cockroaches
  4 goblins
  3 hobgoblins
  2 quokkas
  6 ball pythons
  6 bats
  2 frilled lizards
  5 kobolds
  5 rats
59 creatures vanquished.

Notes
Turn   | Place    | Note
-------+----------+-------------------------------------------
     0 | D:1      | GigaChad the Minotaur Fighter began the quest for the Orb.
     0 | D:1      | Reached XP level 1. HP: 19/19 MP: 0/0
   169 | D:1      | Found a faded altar of an unknown god.
   331 | D:1      | Reached XP level 2. HP: 27/27 MP: 1/1
  1107 | D:2      | Reached XP level 3. HP: 33/33 MP: 2/2
  1178 | D:2      | Found Caich's Armour Boutique.
  1281 | D:2      | Reached XP level 4. HP: 40/40 MP: 3/3
  1782 | D:2      | Identified a scroll of acquirement
  1782 | D:2      | Acquired the +3 pair of gauntlets of War {Slay+5}
  1782 | D:2      | Found the +3 pair of gauntlets of War {Slay+5}
  1988 | D:3      | Reached skill level 1 in Dodging
  2006 | D:3      | Found a stormy altar of Qazlal.
  2136 | D:3      | Found Baofiapt's Book Emporium.
  2364 | D:4      | You fall into a shaft and drop 2 floors!
  2439 | D:6      | Reached XP level 5. HP: 36/47 MP: 4/4
  2491 | D:6      | Slain by a wight

Illustrated notes

Levels and vault maps discovered:
D:1:      dpeg_arrival_more_subterranean_lakeside_camping, layout_basic,
          hellmonk_ecumenical_altar_arch_garden
D:2:      layout_loops_cross, serial_shops, shop
D:3:      layout_rooms, general_overflow_altar, serial_shops,
          nicolae_shop_statue_plus
D:4:      layout_layer_cave, nicolae_overflow_hallway_of_the_gods, uniq_grinder
D:6:      layout_cave_pools

Skill      XL: |  1  2  3  4 |
---------------+-------------+-----
Axes           | 3 4 |  4.3
Shields        | 4 |  4.4
Fighting       | 4 |  4.7
Armour         | 4 |  4.8
Dodging        | 1 |  1.7

Action                   |  1- 3 |  4- 6 || total
-------------------------+-------+-------++-------
Melee: War axe           |    48 |    57 ||   105
       Headbutt          |    12 |     9 ||    21
  Use: Scroll            |       |     1 ||     1
Armor: Scale mail        |    26 |    26 ||    52
       Chain mail        |       |    27 ||    27
Dodge: Dodged            |    30 |    28 ||    58
Block: Buckler           |    16 |    24 ||    40
